 Dungeon Crawl Stone Soup version 0.31.0-12-g77e489cdc1 (console) character file.

Game seed: 3051780122182678095

77 Banquo the Magician (level 4, 0/31 (34) HPs)
             Began as a Djinni Air Elementalist on Feb 12, 2024.
             Slain by an orc
             ... wielding a +0 hand axe
              (2 damage)
             ... on level 2 of the Dungeon.
             The game lasted 00:03:40 (1756 turns).

Banquo the Magician (Djinni Air Elementalist)       Turns: 1756, Time: 00:03:40

HP:   0/31 (34)     AC:  2    Str:  7    XL:     4   Next: 60%
Gold: 70            EV: 12    Int: 18    God:
                    SH:  0    Dex: 14

rFire   + + .        m - +3 short sword
rCold   x . .        (no shield)
rNeg    . . .        a - +0 robe
rPois   ∞            (no helmet)
rElec   .            (no cloak)
rCorr   .            (no gloves)
SInv    .            (boots unavailable)
Will    .....        (no amulet)
Stlth   ++           (no ring)
HPRegen 0.25/turn    (no ring)
MPRegen 0.00/turn

%: infuse magic (-1 HP)
@: swift, flying, drained, very quick
A: sickness immunity, fire resistance 2, cold vulnerability 1, float, innate
caster, HP casting, extra vitality 1
a: no special abilities


You were on level 2 of the Dungeon.
You visited 1 branch of the dungeon, and saw 3 of its levels.

You collected 70 gold pieces.

Inventory:

Hand Weapons
 d - a +0 club
 g - a +0 dagger
 m - a +3 short sword (weapon)
Missiles
 b - 13 stones
Armour
 a - a +0 robe (worn)
Scrolls
 c - a scroll of butterflies {unknown}
 f - 4 scrolls of fog {unknown}
 k - a scroll of blinking {unknown}
 l - a scroll of noise {unknown}
Potions
 e - 2 potions of lignification {unknown}
 h - a potion of experience {unknown}
 i - 2 potions of curing {unknown}
 j - 3 potions of degeneration {unknown}


   Skills:
 * Level 2.4 Fighting
 - Level 2.1 Dodging
 - Level 1.5 Stealth
 * Level 3.9 Spellcasting
 * Level 3.9 Conjurations
 * Level 3.9 Hexes
 * Level 3.9 Summonings
 * Level 3.9 Necromancy
 * Level 3.9 Translocations
 * Level 3.9 Fire Magic
 * Level 3.9 Ice Magic
 * Level 3.9 Air Magic
 * Level 3.9 Earth Magic
 * Level 3.9 Alchemy


You knew the following spells:

 Your Spells              Type           Power      Damage    Failure   Level
a - Shock                 Conj/Air       68%        1d7       3%          1
b - Static Discharge      Conj/Air       34%        3-5/arc   4%          2
c - Swiftness             Air            17%        N/A       9%          3
d - Airstrike             Air            8%         2d(2-18)  30%         4
e - Kiss of Death         Conj/Necr      68%        2d10      3%          1
Your spell library was empty.

Dungeon Overview and Level Annotations

Branches:
Dungeon (3/15)

Altars:

Shops:
D:2 *

Annotations:
D:1 loot beyond flames


Innate Abilities, Weirdness & Mutations

You are immune to sickness and miasma.
You are immune to poison.
Your flesh is very heat resistant. (rF++)
You are vulnerable to cold. (rC-)
You float through the air rather than walking.
You learn spells naturally, not from books.
Your magical power is your life essence.
You have superior vitality. (+4 MHP)


Message History

Casting: Shock (safe; 3% risk of failure)
Confirm with . or Enter, or press ? or * to list all spells.
Aiming: Shock (safe; 3% risk of failure)
Press: ? - help, Shift-Dir - straight line, f/p - orc wizard
Aim: an orc wizard, wielding a +1 dagger of electrocution and wearing a +0 robe (lightly wounded, 64% to hit)
The zap hits the orc wizard.
The orc wizard is heavily wounded.
The orc wizard hits you with a +1 dagger of electrocution.
The orc hits you with a +0 hand axe.
* * * LOW HITPOINT WARNING * * *
Casting: Shock (safe; 3% risk of failure)
Confirm with . or Enter, or press ? or * to list all spells.
Aiming: Kiss of Death (safe; 3% risk of failure)
Press: ? - help, Shift-Dir - straight line, f/p - orc wizard
Aim: an orc wizard, wielding a +1 dagger of electrocution and wearing a +0 robe (heavily wounded, 100% to hit)
The negative energy hits the orc wizard!
The orc wizard is drained!
You kill the orc wizard!
You feel drained.
* * * LOW HITPOINT WARNING * * *
The orc hits you with a +0 hand axe.
* * * LOW HITPOINT WARNING * * *
Unknown command.
Casting: Kiss of Death (safe; 3% risk of failure)
Confirm with . or Enter, or press ? or * to list all spells.
You don't know that spell.
Casting: Kiss of Death (safe; 3% risk of failure)
Confirm with . or Enter, or press ? or * to list all spells.
The spell is quite dangerous to miscast (9% risk of failure)!
Continue anyway?
You feel quick.
* * * LOW HITPOINT WARNING * * *
You puncture the orc!
The orc is almost dead.
The orc hits you with a +0 hand axe.
* * * LOW HITPOINT WARNING * * *
The orc closely misses you.
You closely miss the orc.
The orc is almost dead.
The orc hits you with a +0 hand axe.
You die...

#.# #.# #.#<##.#
###### #.# #.#
#####.#.##..
#....# #.#
#.#####...........
#....# #.#
#.#.....###.#.####
#....# #.#
#...##### #.#.....
#####....###.#
#.### ##'######
....'....'...# #.#
#........
#####....#####
#o########......##
# #....#
#@o......'......'.
# #....#
##########......##
# ##....# #......#
# #.....# #......#
# #....## #......#
####....##########
#......#
##...............#
########
##.#...#.........#
##..#.#..........#


You could see 2 orcs.

Vanquished Creatures
  An orc wizard (D:2)
  A ribbon worm (D:2)
  2 dart slugs (D:1)
  2 bats
  4 endoplasms
  3 giant cockroaches
  5 goblins
  3 hobgoblins
  2 jackals (D:1)
  2 quokkas
  2 ball pythons
  3 frilled lizards
  5 kobolds
  9 rats
44 creatures vanquished.

Vanquished Creatures (others)
  An endoplasm (D:1)
  2 hobgoblins (D:1)
3 creatures vanquished.

Grand Total: 47 creatures vanquished

Notes
Turn   | Place    | Note
-------+----------+-------------------------------------------
     0 | D:1      | Banquo the Djinni Air Elementalist began the quest for the
                  | Orb.
     0 | D:1      | Banquo set off with the following spells memorised: Shock,
                  | Static Discharge, Swiftness, Airstrike.
     0 | D:1      | Reached XP level 1. HP: 15/15 MP: 0/0
   157 | D:1      | Reached skill level 1 in Fighting
   157 | D:1      | Reached XP level 2. HP: 18/22 MP: 0/0
   318 | D:1      | Reached XP level 3. HP: 23/27 MP: 0/0
   318 | D:1      | Learned a level 1 spell: Kiss of Death
  1096 | D:2      | Found Gaokeuf's General Store.
  1489 | D:2      | Reached XP level 4. HP: 29/33 MP: 0/0
  1755 | D:2      | HP: 1/31 [orc/+0 hand axe (1)]
  1756 | D:2      | Slain by an orc

Illustrated notes

Levels and vault maps discovered:
D:1:      sevenhm_arrival_forest_fort_small_3, layout_basic, lemuel_flame_loot_1
D:2:      layout_basic, serial_shops, nicolae_shop_advertising_works
          [nicolae_subvault_shop_adworks], minmay_tetromino_o2
D:3:      layout_basic, serial_shops, shop, uniq_sigmund

Skill      XL: |  1  2  3 |
---------------+----------+-----
Fighting       | 1 2 |  2.4
Dodging        | |  2.1
Stealth        | |  1.5
Spellcasting   | |  3.9
Conjurations   | |  3.9
Hexes          | |  3.9
Summonings     | |  3.9
Necromancy     | |  3.9
Translocations | |  3.9
Fire Magic     | |  3.9
Ice Magic      | |  3.9
Air Magic      | |  3.9
Earth Magic    | |  3.9
Alchemy        | |  3.9

Action                     |  1- 3 |  4- 6 || total
---------------------------+-------+-------++-------
  Melee: Short sword       |       |     2 ||     2
   Cast: Shock             |    83 |    10 ||    93
         Swiftness         |       |     1 ||     1
         Kiss of Death     |       |     1 ||     1
 Armour: Robe              |     6 |    10 ||    16
  Dodge: Dodged            |     8 |     4 ||    12
